 Dungeon Crawl Stone Soup version 0.26-a0-597-gb535b0901c (webtiles) character file.

Game seed: 8956973811550947278

24831 miaow the Tainter (level 12, -15/61 HPs)
             Began as a Felid Venom Mage on Aug 30, 2020.
             Was the Champion of Fedhas.
             Demolished by a shadow wraith (23 damage)
             ... on level 14 of the Dungeon.
             The game lasted 01:07:53 (24506 turns).

miaow the Tainter (Felid Venom Mage)               Turns: 24506, Time: 01:07:54

Health: -15/61     AC:  3    Str:  8    XL:     12   Next: 84%
Magic:  23/23      EV: 27    Int: 17    God:    Fedhas [******]
Gold:   927        SH:  0    Dex: 17    Spells: 4/25 levels left
                                        Lives:  0   Deaths: 3

rFire    + . .     SeeInvis +     - Unarmed
rCold    + . .     Faith    .   (shield unavailable)
rNeg     . . .     Spirit   .   (armour unavailable)
rPois    .         Reflect  .   (helmet unavailable)
rElec    .         Harm     .   (cloak unavailable)
rCorr    .         Clarity  +   (gloves unavailable)
MR       +....                  (boots unavailable)
Stlth    ++++......             g - amulet of magic regeneration
HPRegen  0.20/turn              J - +4 ring of evasion
MPRegen  0.43/turn              A - ring of protection from fire

@: slowed, slow
A: very small, no armour, no weapons or thrown items, stealth, claws 1, fangs 3,
see invisible, clarity, speed 1, robust 1, shaggy fur 3, sharp paws
a: Wall of Briars, Grow Ballistomycete, Overgrow, Grow Oklob, Renounce Religion


You were on level 14 of the Dungeon.
You worshipped Fedhas.
Fedhas was exalted by your worship.
You visited 1 branch of the dungeon, and saw 14 of its levels.

You collected 927 gold pieces.

Inventory:

Jewellery
 c - an uncursed ring of attention
 g - an amulet of magic regeneration (around neck)
 m - an uncursed ring of flight
 A - a ring of protection from fire (right paw)
 B - an uncursed ring of poison resistance
 C - an uncursed ring of protection from cold
 E - an uncursed ring of protection from magic
 J - a +4 ring of evasion (left paw)
Wands
 j - a wand of random effects (14)
 s - a wand of iceblast (26)
 v - a wand of paralysis (9)
 w - a wand of flame (30)
 L - a wand of digging (3)
Scrolls
 a - 11 scrolls of remove curse
 f - a scroll of magic mapping {unknown}
 h - 2 scrolls of blinking {unknown}
 k - 4 scrolls of enchant weapon {unknown}
 l - 5 scrolls of teleportation
 r - a scroll of holy word {unknown}
 t - 3 scrolls of fear {unknown}
Potions
 b - 2 potions of flight
 d - 2 potions of cancellation
 e - 5 potions of resistance
 i - 6 potions of curing
 n - 2 potions of berserk rage
 o - 2 potions of magic
 p - 3 potions of heal wounds
 q - 3 potions of haste
 z - a potion of lignification
 F - a potion of brilliance
 G - 2 potions of ambrosia
 H - 3 potions of might
Miscellaneous
 K - a phantom mirror


   Skills:
 * Level 8.8 Fighting
 + Level 7.5 Dodging
 - Level 5.5 Stealth
 + Level 8.6 Unarmed Combat
 + Level 7.1 Spellcasting
 - Level 5.3 Conjurations
 + Level 5.0 Transmutations
 - Level 3.0 Fire Magic
 - Level 5.8 Air Magic
 - Level 5.0 Earth Magic
 - Level 10.0 Poison Magic
 - Level 7.0 Invocations
 + Level 2.8 Evocations


You had 4 spell levels left.
You knew the following spells:

 Your Spells              Type           Power        Failure   Level
b - Poisonous Vapours     Pois/Air       ####..       1%          2
c - Mephitic Cloud        Conj/Pois/Air  ####....     1%          3
d - Ignite Poison         Fire/Tmut/Pois ####....     3%          3
e - Olgreb's Toxic Radia  Pois           #####...     1%          4
f - Conjure Flame         Conj/Fire      ###.....     6%          3
g - Statue Form           Tmut/Erth      ###......    92%         6

Your spell library contained the following spells:

 Spells                   Type           Power        Failure   Level
 Foxfire                  Conj/Fire      ###.         1%          1
 Sting                    Tmut/Pois      ####         1%          1
 Corona                   Hex            #......      12%         1
 Dazzling Flash           Conj/Hex       ###...       12%         3
 Ensorcelled Hibernation  Hex/Ice        #.....       17%         2
 Inner Flame              Hex/Fire       ##......     19%         3
 Sticky Flame             Conj/Fire      ###.....     21%         4
 Confusing Touch          Hex            #.......     34%         3
 Tukima's Dance           Hex            #.......     34%         3
 Irradiate                Conj/Tmut      ###.......   36%         5
 Fireball                 Conj/Fire      ###.......   50%         5
 Hydra Form               Tmut           ###.......   92%         6
 Dragon Form              Tmut           ###.......   100%        7


Dungeon Overview and Level Annotations

Branches:
Dungeon (14/15)            Temple (0/1) D:6            Lair (0/6) D:9
    Orc (0/2) D:11
 Vaults: D:13-14

Altars:
Ashenzari
Cheibriados
Fedhas
Gozag
Hepliaklqana
Nemelex Xobeh
Qazlal
Trog
Uskayaw
Vehumet
Wu Jian
Xom
Yredelemnul
The Shining One

Shops:
D:14 **}

Portals:
Trove: D:11 (give 8 scrolls of fear)

Annotations:
D:5 3 runed translucent doors, p0werm0de's ghost, novice MiFi
D:8 Graouh's ghost, novice MiFi
D:12 exclusions: downstairs and obsidian statue
D:13 exclusion: downstairs


Innate Abilities, Weirdness & Mutations

You cannot wear armour.
You are incapable of wielding weapons or throwing items.
Your paws allow you to move quietly. (Stealth)
You have sharp claws.
You have razor-sharp teeth.
You have supernaturally acute eyesight. (SInv)
You cover ground quickly.
Your thick and shaggy fur keeps you warm. (AC +3, rC+)
Your sharp claws are effective at attacking unaware monsters.
You possess an exceptional clarity of mind.
You are robust. (+10% HP)


Message History

The shadow wraith is moderately damaged.
The shadow wraith barely misses you.
You scratch the shadow wraith. You bite the shadow wraith.
The shadow wraith is heavily damaged.
The shadow wraith hits you! The shadow wraith drains your vigour!
You feel as though you will be slow longer.
You are too injured to fight recklessly!
You are too injured to fight recklessly!
You are too injured to fight recklessly!
You scratch the shadow wraith but do no damage.
The shadow wraith is heavily damaged.
The shadow wraith hits you!!
* * * LOW HITPOINT WARNING * * *
The shadow wraith drains your vigour!
You feel as though you will be slow longer.
You scratch the shadow wraith but do no damage.
The shadow wraith is heavily damaged.
The shadow wraith hits you!!
You die...
Fedhas appreciates your contribution to the ecosystem.

..... ... ... ......
........ .......
..... ......... #..
....... .........
#....##........
###........
...........#....
...........
................#.#
#.........
......##.... #.#W#
#.........
.......<...# #.@.#
#.........
[..........####...#
#.........
............##....#
#.........
#............)..#.#
#.....)...
...........##...#.#
#......)..
...........###..#..
#....†).##
#........### #..#...
#....†.### #......###
...########........#
......##
#................)...


You could see a shadow wraith (invisible).

Vanquished Creatures
  Kirke (D:13)
  2 hydras (D:13)
  A death knight (D:14)
  4 two-headed ogres
  A wizard (D:13)
  8 ugly things
  2 manticores
  A deep elf mage (D:11)
  Joseph (D:7)
  Psyche (D:9)
  A gargoyle (D:10)
  A komodo dragon (D:12)
  2 freezing wraiths
  3 slime creatures (D:12)
  5 trolls
  3 hippogriffs
  Sigmund (D:2)
  5 shadows
  A vampire (D:14)
  6 wraiths
  20 yaks
  Eustachio (D:5)
  3 hogs (D:13)
  4 vampire mosquitoes (D:13)
  Menkaure (D:6)
  A two-headed ogre zombie (D:11)
  A water moccasin (D:10)
  6 orc warriors
  An eye of draining (D:13)
  5 sky beasts
  7 ice beasts
  A phantom (D:14)
  A hornet zombie (D:14)
  4 necrophages
  7 ogres
  5 centaurs
  3 big kobolds
  10 bullfrogs
  A wyvern zombie (D:13)
  2 troll zombies (D:11)
  2 scorpions
  9 killer bees
  5 wights (D:8)
  4 howler monkeys
  A crimson imp (D:12)
  3 bullfrog zombies
  4 centaur zombies
  A jelly (D:6)
  A quasit (D:7)
  5 bullfrog skeletons
  8 orc priests
  Crazy Yiuf (D:3)
  6 hounds
  5 centaur skeletons
  Jessica (D:2)
  Natasha (twice) (D:4)
  4 iguanas
  18 orc wizards
  6 worker ants
  5 ogre zombies (D:11)
  2 hound skeletons
  A hound zombie (D:11)
  A worker ant zombie (D:5)
  6 gnolls
  10 adders
  A shadow imp (D:6)
  2 white imps
  An ufetubus (D:10)
  2 oozes
  3 worms
  3 dart slugs
  3 leopard geckos
  50 orcs
  5 bats
  3 giant cockroaches
  7 goblins
  9 hobgoblins
  8 jackals
  9 quokkas
  2 ball pythons
  6 frilled lizards
  A goblin skeleton (D:11)
  5 goblin zombies (D:11)
  3 hobgoblin zombies (D:11)
  26 kobolds
  An orc skeleton (D:11)
  15 orc zombies (D:11)
  11 rats
421 creatures vanquished.

Vanquished Creatures (others)
  A quokka (D:14)
  2 fungi (D:5)
  A plant (D:5)
  2 withered plants (D:8)
6 creatures vanquished.

Grand Total: 427 creatures vanquished

Notes
Turn   | Place    | Note
-------+----------+-------------------------------------------
     0 | D:1      | miaow the Felid Venom Mage began the quest for the Orb.
     0 | D:1      | Reached XP level 1. HP: 7/7 MP: 4/4
   275 | D:1      | Reached skill level 3 in Poison Magic
   527 | D:1      | Reached XP level 2. HP: 3/11 MP: 1/6
   823 | D:1      | Learned a level 2 spell: Poisonous Vapours
  2109 | D:2      | Reached XP level 3. HP: 15/15 MP: 0/7
  2697 | D:2      | Found a stormy altar of Qazlal.
  2787 | D:2      | Reached skill level 1 in Fighting
  2890 | D:2      | Found a blossoming altar of Fedhas.
  2894 | D:2      | Reached skill level 1 in Unarmed Combat
  2903 | D:2      | Reached XP level 4. HP: 19/19 MP: 2/8
  2904 | D:2      | Became a worshipper of Fedhas Madash
  3499 | D:2      | Reached skill level 1 in Air Magic
  3603 | D:2      | Noticed Sigmund
  3617 | D:2      | Killed Sigmund
  3617 | D:2      | Reached skill level 4 in Poison Magic
  3617 | D:2      | Reached XP level 5. HP: 14/22 MP: 1/10
  3617 | D:2      | Gained mutation: You are covered in thick fur. (AC +2)
                  | [Felid growth]
  3617 | D:2      | Reached XP level 6. HP: 17/26 MP: 1/11
  3928 | D:2      | Noticed Jessica
  3931 | D:2      | Killed Jessica
  4473 | D:3      | Reached * piety under Fedhas
  4509 | D:3      | Found an opulent altar of Gozag.
  4633 | D:3      | Found a glowing golden altar of the Shining One.
  4745 | D:3      | Found a runed translucent door.
  4746 | D:3      | Noticed Crazy Yiuf
  4793 | D:3      | Killed Crazy Yiuf
  4813 | D:3      | Gained mutation: You are robust. (+10% HP) [potion of
                  | mutation]
  4813 | D:3      | Gained mutation: You possess an exceptional clarity of
                  | mind. [potion of mutation]
  4896 | D:4      | Learned a level 3 spell: Mephitic Cloud
  4953 | D:4      | Reached XP level 7. HP: 33/33 MP: 8/13
  5197 | D:4      | Found a hide-covered altar of Uskayaw.
  5355 | D:4      | HP: 1/33 [bullfrog skeleton (4)]
  5356 | D:4      | Slain by a bullfrog skeleton
  5357 | D:4      | Reached XP level 6. HP: -4/29 MP: 13/13
  5361 | D:4      | Noticed Natasha
  5363 | D:4      | Killed Natasha
  5363 | D:4      | Reached skill level 1 in Conjurations
  5455 | D:4      | Noticed Natasha
  5458 | D:4      | Killed Natasha
  5761 | D:5      | Entered Level 5 of the Dungeon
  5761 | D:5      | Noticed Eustachio
  5775 | D:5      | Killed Eustachio
  5775 | D:5      | Reached XP level 7. HP: 15/34 MP: 6/14
  5944 | D:5      | Reached ** piety under Fedhas
  6831 | D:5      | Found a runed translucent gate.
  6831 | D:5      | Found a runed translucent gate.
  6831 | D:5      | Found a runed translucent gate.
  6832 | D:5      | Identified the +8 short sword of the Hierophant {drain,
                  | +Fly rF+ rC+}
  6833 | D:5      | Noticed p0werm0de's ghost (novice MiFi)
  6874 | D:5      | Learned a level 3 spell: Ignite Poison
  6879 | D:5      | Noticed a yak
  6879 | D:5      | Noticed a yak
  6879 | D:5      | Noticed a yak
  6886 | D:5      | Learned a level 4 spell: Olgreb's Toxic Radiance
  6887 | D:5      | Noticed a yak
  6899 | D:5      | Killed a yak
  6899 | D:5      | Reached skill level 5 in Poison Magic
  6899 | D:5      | Reached XP level 8. HP: 19/39 MP: 6/16
  7033 | D:5      | Reached skill level 5 in Spellcasting
  7163 | D:5      | Found a basalt altar of Yredelemnul.
  7163 | D:5      | Found a sparkling altar of Nemelex Xobeh.
  7813 | D:6      | Noticed Menkaure
  7840 | D:6      | Found a staircase to the Ecumenical Temple.
  7902 | D:6      | Reached skill level 1 in Invocations
  8033 | D:6      | Found a shattered altar of Ashenzari.
  8049 | D:6      | Reached XP level 9. HP: 32/42 MP: 13/18
  8496 | D:6      | Reached skill level 5 in Conjurations
  8496 | D:6      | Reached skill level 5 in Air Magic
  8496 | D:6      | Reached skill level 6 in Poison Magic
  8496 | D:6      | Reached XP level 10. HP: 49/49 MP: 18/20
  8508 | D:6      | Killed Menkaure
  8508 | D:6      | Reached *** piety under Fedhas
  8807 | D:6      | Learned a level 3 spell: Conjure Flame
  8827 | D:7      | Found a radiant altar of Vehumet.
  9350 | D:7      | Noticed Joseph
  9408 | D:7      | Shot with a sling bullet by Joseph
  9409 | D:7      | Reached XP level 9. HP: 0/44 MP: 18/19
  9668 | D:7      | Killed Joseph
  9668 | D:7      | Reached skill level 5 in Dodging
  9865 | D:7      | Found a bloodstained altar of Trog.
 10360 | D:8      | Reached skill level 5 in Invocations
 10832 | D:8      | Reached skill level 5 in Unarmed Combat
 10832 | D:8      | Reached skill level 5 in Transmutations
 10832 | D:8      | Reached XP level 10. HP: 21/50 MP: 20/20
 11298 | D:8      | Found a runed translucent door.
 11302 | D:8      | Noticed Graouh's ghost (novice MiFi)
 11503 | D:8      | Found a shimmering altar of Xom.
 11504 | D:8      | Found a shimmering altar of Xom.
 11506 | D:8      | Found a shimmering altar of Xom.
 11506 | D:8      | Found a shimmering altar of Xom.
 11506 | D:8      | Found a shimmering altar of Xom.
 11507 | D:8      | Found a shimmering altar of Xom.
 11507 | D:8      | Found a shimmering altar of Xom.
 11721 | D:9      | Found a staircase to the Lair.
 12228 | D:9      | Noticed Psyche
 12242 | D:9      | Killed Psyche
 12644 | D:9      | Reached **** piety under Fedhas
 12750 | D:9      | Found an ornate altar of the Wu Jian Council.
 12954 | D:9      | HP: 2/49 [ice beast (5)]
 13256 | D:9      | Found an ornate altar of the Wu Jian Council.
 13256 | D:9      | Found a hazy altar of Hepliaklqana.
 13261 | D:9      | Found a faded altar of an unknown god.
 13263 | D:9      | Found a snail-covered altar of Cheibriados.
 13265 | D:9      | Found a faded altar of an unknown god.
 13377 | D:9      | Learned a level 6 spell: Statue Form
 13401 | D:10     | Entered Level 10 of the Dungeon
 13881 | D:10     | Noticed a gargoyle
 13900 | D:10     | Killed a gargoyle
 13900 | D:10     | Reached skill level 1 in Earth Magic
 14051 | D:10     | Found a sparkling altar of Nemelex Xobeh.
 14734 | D:10     | Reached skill level 5 in Stealth
 15732 | D:10     | Reached XP level 11. HP: 52/52 MP: 9/22
 16174 | D:11     | Noticed a red ugly thing
 16175 | D:11     | Reached skill level 7 in Poison Magic
 16219 | D:10     | Killed a red ugly thing
 16529 | D:11     | Reached ***** piety under Fedhas
 17054 | D:11     | Slain by a two-headed ogre zombie
 17055 | D:11     | Reached XP level 10. HP: -1/50 MP: 19/21
 17077 | D:11     | Found a staircase to the Orcish Mines.
 17924 | D:11     | Found a portal to a secret trove of treasure.
 17948 | D:11     | Noticed a deep elf mage
 17954 | D:11     | Killed a deep elf mage
 18986 | D:12     | Noticed an obsidian statue
 19506 | D:12     | Noticed a two-headed ogre
 19521 | D:12     | Killed a two-headed ogre
 19521 | D:12     | Reached XP level 11. HP: 55/55 MP: 2/22
 19552 | D:12     | Noticed a rakshasa
 19590 | D:12     | Noticed a sun demon
 19779 | D:12     | Reached skill level 8 in Poison Magic
 20347 | D:13     | Noticed a seven-headed hydra
 20370 | D:13     | Killed a seven-headed hydra
 21287 | D:13     | Noticed a purple ugly thing
 21294 | D:13     | Killed a purple ugly thing
 21368 | D:14     | Found Wipo's Assorted Antiques.
 21373 | D:14     | Reached ****** piety under Fedhas
 21375 | D:14     | Noticed a wizard
 21622 | D:13     | Killed a wizard
 21740 | D:14     | Noticed a seven-headed hydra
 21741 | D:14     | Found Waaj's Assorted Antiques.
 21782 | D:13     | Killed a seven-headed hydra
 21884 | D:14     | Noticed a two-headed ogre
 21889 | D:14     | Killed a two-headed ogre
 21889 | D:14     | Reached skill level 9 in Poison Magic
 21889 | D:14     | Gained mutation: Your thick and shaggy fur keeps you warm.
                  | (AC +3, rC+) [Felid growth]
 21889 | D:14     | Reached XP level 12. HP: 60/60 MP: 12/23
 21903 | D:14     | Noticed a death knight
 21908 | D:14     | Killed a death knight
 21987 | D:14     | Noticed Kirke
 23493 | D:13     | Killed Kirke
 23864 | D:14     | Reached skill level 5 in Earth Magic
 24020 | D:14     | Noticed a two-headed ogre
 24025 | D:14     | Killed a two-headed ogre
 24041 | D:14     | Noticed a two-headed ogre
 24150 | D:14     | Found Supunn's Gadget Shoppe.
 24489 | D:14     | Killed a two-headed ogre
 24489 | D:14     | Reached skill level 10 in Poison Magic
 24506 | D:14     | Demolished by a shadow wraith

Illustrated notes

Levels and vault maps discovered:
D:1:      lemuel_arrival_hallway, layout_basic, minmay_ruptured
D:2:      layout_loops_corners, grunt_qazlal_sundering, lemuel_round_altar,
          uniq_sigmund, uniq_jessica
D:3:      layout_rooms, nicolae_tso_carved_into_rock,
          nicolae_overflow_crystal_walls, uniq_crazy_yiuf_cottage
D:4:      layout_loops_ring, lemuel_crystal_altar, uniq_natasha
D:5:      layout_rooms, gammafunk_temple_overflow_statue,
          gammafunk_ghost_nasty_kobolds, uniq_eustachio
D:6:      layout_loops_cross, ashenzari_altar_1,
          minmay_temple_entry_drinking_statues, hex_medium, uniq_menkaure
D:7:      layout_basic, vehumet_altar_wand_db, trog_butcher_becter, uniq_joseph
D:8:      layout_rooms, xom_shifter_show, gammafunk_ghost_grave
D:9:      layout_long_grid, chequers_temple_overflow_minitemple,
          lair_entry_dummy, basic_altar, uniq_psyche
D:10:     layout_stronghold, st_stairs_9, minmay_hedge_maze,
          corexii_checkpoint_a, nemelex_xobeh_ov_fountains_minmay
D:11:     layout_cave_pods, zombieorc2_lemuel, enter_trove_1,
          columned_hall_lemuel, palyth_stone_intersect, grunt_decor_cap
D:12:     layout_cave_pools, hangedman_devilish_allure
D:13:     layout_loops_corners
D:14:     layout_cave_pools, david_vaults_4, serial_shops,
          nicolae_shop_behind_doors, shop, nicolae_shop_trees, shop,
          nicolae_shop_crystal, hangedman_abyss_or_decor_stabs, minivault_16,
          elyvilon_altar_4, uniq_kirke

Skill      XL: |  1  2  3  4  5  6  7  8  9 10 11 12 |
---------------+-------------------------------------+-----
Poison Magic   | 3 4 5 6 9 10 | 10.0
Fighting       | 1 2 3 4 6 8 |  8.8
Unarmed Combat | 1 2 3 5 7 8 |  8.6
Air Magic      | 1 2 3 4 5 |  5.8
Spellcasting   | 3 4 5 6 7 |  7.1
Conjurations   | 2 3 5 |  5.3
Dodging        | 3 5 6 7 |  7.5
Invocations    | 1 5 6 7 |  7.0
Transmutations | 5 |  5.0
Fire Magic     | 2 3 |  3.0
Evocations     | 2 |  2.8
Stealth        | 3 5 |  5.5
Earth Magic    | 3 4 5 |  5.0

Action                   |  1- 3 |  4- 6 |  7- 9 | 10-12 || total
-------------------------+-------+-------+-------+-------++-------
Melee: Unarmed           |    73 |    77 |   204 |   849 ||  1203
       Bite              |     4 |     9 |    21 |   112 ||   146
       Punch             |     1 |       |     5 |    28 ||    34
 Cast: Sting             |    13 |       |     2 |     6 ||    21
       Poisonous Vapours |    26 |    66 |   122 |   149 ||   363
       Olgreb's Toxic Ra |       |       |     1 |    66 ||    67
       Ignite Poison     |       |       |     1 |    43 ||    44
       Mephitic Cloud    |       |       |     1 |    37 ||    38
Evoke: Wand              |       |       |     6 |     7 ||    13
  Use: Scroll            |       |     6 |     3 |    20 ||    29
       Potion            |       |     1 |     1 |     1 ||     3
 Stab: Sleeping          |     1 |     1 |     2 |    15 ||    19
       Distracted        |     1 |       |       |       ||     1
       Confused          |       |       |       |     1 ||     1
Armor: Skin              |     8 |     5 |     5 |    39 ||    57
Dodge: Dodged            |    72 |    51 |   165 |   830 ||  1118

Table legend: (Time is in decaauts)
 A = Elapsed time spent in this place.
 B = Non-inter-level travel time spent in this place.
 C = Inter-level travel time spent in this place.
 D = Time resting spent in this place.
 E = Time spent auto-exploring this place.
 F = Levels seen in this place.
 G = Mean time per level.
                   A        B        C        D        E       F      G
               +--------+--------+--------+--------+--------+-----+--------+
         Total |  22655 |  21990 |    665 |  10684 |   7783 |  14 | 1618.2 |
       Dungeon |  22655 |  21990 |    665 |  10684 |   7783 |  14 | 1618.2 |
               +--------+--------+--------+--------+--------+-----+--------+

Top non-repeatable levels by time:
    D:10: 3365 daAuts
    D:13: 2596 daAuts
     D:2: 2032 daAuts
     D:1: 1944 daAuts
    D:11: 1891 daAuts
    D:12: 1785 daAuts
     D:9: 1611 daAuts
     D:5: 1448 daAuts
     D:8: 1265 daAuts
     D:6: 1254 daAuts
     D:7: 1182 daAuts
     D:4: 1089 daAuts
    D:14: 703 daAuts
     D:3: 485 daAuts
